 Dungeon Crawl Stone Soup version 0.29.0-4-gdea44cf6ec (webtiles) character file.

Game seed: 10860841485547543327

103891 qw the Severer (level 15, 0/125 (141) HPs)
             Began as a Minotaur Berserker on Sept 4, 2022.
             Was an Elder of Trog.
             Slain by a sixfirhy (12 damage)
             ... summoned by an orc sorcerer
             ... on level 2 of the Orcish Mines.
             The game lasted 00:11:17 (30223 turns).

qw the Severer (Minotaur Berserker)                Turns: 30223, Time: 00:11:17

HP:   0/125 (141)   AC: 31    Str: 32    XL:     15   Next: 90%
MP:   11/11         EV:  7    Int:  2    God:    Trog [****..]
Gold: 1345          SH: 27    Dex:  6    Spells: 14/14 levels left

rFire   + + +      SeeInvis .   a - +1 broad axe (vamp)
rCold   + . .      Faith    .   x - +4 tower shield of Cloud Cover {-Cast Fly rF+++ Dex-5}
rNeg    . . .      Spirit   .   f - +2 crystal plate armour of Refuge {rC+}
rPois   .          Reflect  +   (helmet restricted)
rElec   .          Harm     .   m - +0 cloak "Cigreaho" {Str+4}
rCorr   .          Rampage  .   o - +2 pair of gloves
Will    +++++      NoCast   +   (no boots)
Stlth   ..........              w - amulet of reflection
HPRegen 1.30/turn               j - ring of willpower
MPRegen 0.12/turn               s - ring of willpower

@: about to teleport, strong-willed (expiring), on berserk cooldown, flying,
regenerating (expiring), slowed, heavily drained, very slow
A: horns 2, retaliatory headbutt, talons 1, dopey 1, low MP 2
a: Renounce Religion, Berserk, Trog's Hand, Brothers in Arms


You were on level 2 of the Orcish Mines.
You worshipped Trog.
Trog was greatly pleased with you.
You visited 3 branches of the dungeon, and saw 22 of its levels.
You visited the Abyss 1 time.
You also visited: Sewer and Ossuary.

You collected 1925 gold pieces.
You spent 580 gold pieces at shops.


Innate Abilities, Weirdness & Mutations

You have a pair of horns on your head.
You reflexively headbutt those who attack you in melee.
You have sharp toenails.
You are dopey. (Int -2)
Your magical capacity is very low. (-20% MP)


   Skills:
 - Level 15.0 Fighting
 - Level 18.0 Axes
 - Level 5.2 Throwing
 + Level 15.9 Armour
 - Level 7.0 Dodging
 - Level 18.0 Shields


You had 14 spell levels left.
You didn't know any spells.
Your spell library was empty.

Inventory:

Hand Weapons
 a - a +1 vampiric broad axe (weapon)
 i - the +10 mace of Popular Demand {freeze, rElec rPois rF+ Dex+2}
   (You found it in a sewer)

   It freezes those it strikes, dealing additional cold damage.
   It can also slow down cold-blooded creatures.
   Dex:       It affects your dexterity (+2).
   rF:        It protects you from fire.
   rElec:     It insulates you from electricity.
   rPois:     It protects you from poison.
Missiles
 r - 8 boomerangs (quivered)
Armour
 f - the +2 crystal plate armour of Refuge (worn) {rC+}
   (You acquired it on level 13 of the Dungeon)

   rC:        It protects you from cold.
 m - the +0 cloak "Cigreaho" (worn) {Str+4}
   (You acquired it on level 10 of the Dungeon)

   Str:       It affects your strength (+4).
 o - a +2 pair of gloves (worn)
 x - the +4 tower shield of Cloud Cover (worn) {-Cast Fly rF+++ Dex-5}
   (You acquired it on level 13 of the Dungeon)

   Dex:       It affects your dexterity (-5).
   rF:        It renders you almost immune to fire.
   Fly:       It grants you flight.
   -Cast:     It prevents spellcasting.
Jewellery
 b - a ring of fire
 j - a ring of willpower (left hand)
 k - a ring of ice
 n - a ring of ice
 s - a ring of willpower (right hand)
 v - a ring of positive energy
 w - an amulet of reflection (around neck)
 Y - a ring of positive energy
Scrolls
 c - 6 scrolls of teleportation
 d - 3 scrolls of identify
 p - 2 scrolls of enchant armour
Potions
 g - 3 potions of haste
 h - 3 potions of might
 l - 19 potions of curing
 q - 4 potions of resistance
 t - a potion of cancellation

Dungeon Overview and Level Annotations

Branches:
Dungeon (15/15)            Temple (0/1) D:6            Lair (5/5) D:10
 Shoals (0/4) Lair:3        Snake (0/4) Lair:3        Slime (0/5) Lair:5
    Orc (2/2) D:10            Elf (0/3) Orc:2        Vaults (0/5) D:14
 Depths (0/4) D:15          Sewer (visited)         Ossuary (visited)

Altars:
Elyvilon
Gozag
Hepliaklqana

Shops:
D:12 *

Annotations:
D:5 1 runed translucent door, qw's ghost, novice BaCK
Lair:5 2 runed translucent doors


Message History

You block the orc knight's attack.
The orc sorcerer mumbles some strange words.
You block the orc priest's attack.
The orc knight hits you with a +0 battleaxe!
You slash the orc knight!
You feel better.
Your headbutt misses the orc knight.
The orc knight is heavily wounded.
You slash the sixfirhy! You hit the orc sorcerer.
You feel better.
You barely miss the orc priest.
You block the sixfirhy's attack. x3; The sixfirhy hits you.
The sixfirhy shocks you!
An orc high priest comes into view. It is wielding a +0 scimitar.
The orc sorcerer hits you but does no damage.
The sixfirhy hits you but does no damage.
The orc sorcerer hits you with a +2 dagger of speed!
The orc high priest shouts!
You hit the orc knight. Your kick misses the orc knight.
The orc knight is heavily wounded.
You slash the sixfirhy! You hit the orc sorcerer.
You feel better.
You barely miss the orc priest.
The orc priest no longer looks unusually strong.
An orc high priest comes into view. It is wielding a +0 mace.
The orc knight roars a battlecry!
The orc priest goes into a battle-frenzy!
You block the orc priest's attack. You block the orc sorcerer's attack.
You miss the sixfirhy. Your kick misses the sixfirhy.
The sixfirhy is severely wounded.
You hit the orc knight but do no damage.
You slash the orc priest! You closely miss the orc sorcerer.
You feel the effects of Trog's Hand fading.
The orc sorcerer no longer looks unusually strong.
You block the orc knight's attack. The orc sorcerer casts a spell at you.
The bolt of negative energy hits you!!
You feel drained. You block the orc knight's attack.
You block the orc sorcerer's attack.
30223 ||| READING 7 scrolls of teleportation.
As you read the scroll of teleportation, it crumbles to dust.
You feel strangely unstable.
You block the sixfirhy's attack. x2; The sixfirhy hits you!
The sixfirhy shocks you!
You die...

..#..#.#..#............# ###.#...
.#......####..........####...#...
###....####.........##.##........
##....#.#..............##.......
##................#.##.####......
.#.......#.#...#######)####....#.
....#........###...##.).#.....#..
........#...##.o3...##.#)).......
.#......#####.oo@)...##))).......
<.#......##..%oo##....#..).......
.........##...o# ##..)##)).......
........##...%. #.).)#)........
........#%.%o. ##..)..........
........#....o #.............
.....#..#.... #.............
....#...#.... ###.............
........# #.#........#....


You could see 2 orc knights, 2 orc high priests, a sixfirhy (summoned), 2 orc
sorcerers and 2 orc priests.

Vanquished Creatures
  A bone dragon (D:13)
  Rupert (D:12)
  3 tentacled starspawn (Abyss:1)
  Kirke (D:12)
  2 very ugly things (D:15)
  A blizzard demon (Abyss:1)
  A great orb of eyes (D:15)
  5 boulder beetles
  5 vault guards (D:14)
  5 rakshasas
  6 hydras
  An ice dragon (D:11)
  Fannar (D:10)
  An ogre mage (D:15)
  Harold (D:9)
  Erica (D:9)
  3 centaur warriors
  A catoblepas (Lair:4)
  2 tengu warriors
  4 death yaks (Lair:5)
  8 two-headed ogres
  An orc high priest (Orc:2)
  Sonja (D:13)
  2 large abominations (Abyss:1)
  A sixfirhy (Abyss:1)
  A deep elf archer (D:14)
  4 orc knights
  A lindwurm (Lair:5)
  A mana viper (Abyss:1)
  An oklob plant (Lair:4)
  3 manticores
  2 deep elf pyromancers
  4 orc sorcerers
  8 ugly things
  2 merfolk sirens (Lair:3)
  6 cyclopes
  4 elephants (Lair:5)
  4 black mambas
  2 molten gargoyles (Lair:5)
  11 cane toads
  2 gargoyles (D:10)
  2 efreet
  2 unseen horrors
  A kobold demonologist (D:11)
  A tengu conjurer (D:14)
  14 komodo dragons
  An ice devil (Abyss:1)
  A yaktaur (D:14)
  An ancient zyme (Abyss:1)
  3 meliai (D:15)
  A polar bear (Lair:4)
  7 trolls
  A hornet (D:7)
  18 blink frogs
  Prince Ribbit (Lair:2)
  3 raiju (Abyss:1)
  13 slime creatures
  15 dream sheep
  2 shadows
  2 vampires
  3 wyverns
  A centaur simulacrum (D:11)
  2 ynoxinuls (Abyss:1)
  61 yaks
  2 wraiths
  6 fire bats (Abyss:1)
  5 small abominations (Abyss:1)
  6 hogs (D:12)
  A human (D:14)
  5 basilisks
  A neqoxec (Abyss:1)
  3 steam dragons
  6 vampire mosquitoes
  A chaos spawn (Abyss:1)
  A warg (Orc:2)
  4 nagas (Lair:3)
  Edmund (D:4)
  13 water moccasins
  8 hell hounds
  18 orc warriors
  A hornet zombie (Ossuary)
  3 black bears
  2 ice beasts
  13 wolves
  An ogre (Orc:1)
  6 centaurs
  A centaur (shapeshifter) (D:14)
  2 phantoms
  4 kobold brigands
  8 bullfrogs
  2 wyvern zombies (Ossuary)
  2 gnoll sergeants (D:9)
  A scorpion (D:4)
  2 water moccasin zombies (Ossuary)
  4 wights (D:6)
  3 electric eels (Lair:3)
  5 howler monkeys
  3 centaur zombies (Ossuary)
  A crimson imp (Abyss:1)
  5 lava snakes (Lair:5)
  2 quasits (Abyss:1)
  5 bullfrog zombies (Ossuary)
  A hound (shapeshifter) (D:15)
  An iron imp (Abyss:1)
  10 orc priests
  3 hounds
  A gnoll bouda (Lair:1)
  A jelly (D:7)
  8 iguanas
  13 mummies (Ossuary)
  13 orc wizards
  5 howler monkey zombies (Ossuary)
  8 gnolls (D:9)
  9 adders
  4 river rats (Sewer)
  2 shadow imps
  A white imp (D:7)
  2 ufetubi
  3 dart slugs (D:1)
  40 orcs
  9 endoplasms
  6 giant cockroaches
  9 goblins
  3 hobgoblins
  3 jackals (D:1)
  4 quokkas
  11 ball pythons
  3 bats
  6 frilled lizards
  36 kobolds
  18 rats
  4 starspawn tentacles (Abyss:1)
665 creatures vanquished.

Vanquished Creatures (collateral kills)
  2 hydras (Lair:3)
  An oklob plant (Lair:3)
  An elephant (Lair:5)
  A black mamba (Lair:5)
  A komodo dragon (D:12)
  A kobold demonologist (D:9)
  A wyvern (Lair:3)
  A yak (Lair:3)
  Grum (D:8)
  A wolf (D:8)
  A bush (Lair:3)
12 creatures vanquished.

Vanquished Creatures (others)
  A deep elf pyromancer (D:14)
  A small abomination (Abyss:1)
  11 fungi
  37 plants
  4 starspawn tentacles (Abyss:1)
  5 withered plants (Ossuary)
59 creatures vanquished.

Grand Total: 736 creatures vanquished

Notes
Turn   | Place    | Note
-------+----------+-------------------------------------------
     0 | D:1      | qw the Minotaur Berserker began the quest for the Orb.
     0 | D:1      | Reached XP level 1. HP: 19/19 MP: 0/0
     0 | D:1      | 0 ||| qw: Version: 0.1-a-103-gd6f5d3a
     0 | D:1      | 0 ||| qw: Game counter: 5439
     0 | D:1      | 0 ||| qw: Always use a shield: true
     0 | D:1      | 0 ||| qw: Do Orc after D:15 true
     0 | D:1      | 0 ||| qw: Do second Lair branch before Depths: true
     0 | D:1      | 0 ||| qw: Lair rune preference: random
     0 | D:1      | 0 ||| qw: Plans: Normal
     0 | D:1      | 0 ||| PLANNING D:1-11
   105 | D:1      | 105 ||| Stepping ~*~*~tactically~*~*~ (stealth).
   218 | D:1      | Reached XP level 2. HP: 23/26 MP: 1/1
   316 | D:1      | Found a faded altar of an unknown god.
   420 | D:1      | 420 ||| Stepping ~*~*~tactically~*~*~ (stealth).
   422 | D:1      | 422 ||| Stepping ~*~*~tactically~*~*~ (stealth).
   423 | D:1      | 423 ||| Stepping ~*~*~tactically~*~*~ (stealth).
   500 | D:1      | 500 ||| Stepping ~*~*~tactically~*~*~ (stealth).
   501 | D:1      | 501 ||| Stepping ~*~*~tactically~*~*~ (stealth).
   503 | D:1      | 503 ||| Stepping ~*~*~tactically~*~*~ (stealth).
   597 | D:1      | Reached ** piety under Trog
   610 | D:1      | Reached XP level 3. HP: 28/31 MP: 2/2
   699 | D:1      | 699 ||| SWAPPING to +0 war axe.
   700 | D:1      | 700 ||| DROPPING +0 hand axe.
   701 | D:1      | 701 ||| UPGRADING to +0 scale mail.
   711 | D:1      | 711 ||| DROPPING +0 animal skin.
   712 | D:1      | 712 ||| READING scroll labelled MYPPUF QARGHE.
   713 | D:1      | 713 ||| READING scroll labelled CIUVUN NIFUVUO.
   714 | D:1      | 714 ||| READING scroll labelled GIERRI HOYMY WEA.
   715 | D:1      | 715 ||| DRINKING 3 fizzy brown potions.
   716 | D:1      | 716 ||| DROPPING 2 potions of attraction.
   717 | D:1      | 717 ||| Stepping randomly (stuck).
   718 | D:1      | 718 ||| Stepping ~*~*~tactically~*~*~ (cloud).
  1094 | D:2      | Reached skill level 1 in Throwing
  1250 | D:2      | Reached XP level 4. HP: 39/39 MP: 3/3
  1286 | D:2      | 1286 ||| DROPPING +0 club.
  1330 | D:2      | 1330 ||| DROPPING +0 whip.
  1684 | D:2      | 1684 ||| READING scroll labelled SONOETHROTEH.
  1685 | D:2      | 1685 ||| READING scroll labelled XUROOFOASK.
  1689 | D:2      | 1689 ||| DRINKING 2 coppery potions.
  1690 | D:2      | 1690 ||| DROPPING potion of brilliance.
  1711 | D:3      | 1711 ||| PLANNING SEWER
  1729 | D:3      | 1729 ||| Stepping ~*~*~tactically~*~*~ (stealth).
  1730 | D:3      | 1730 ||| Stepping ~*~*~tactically~*~*~ (stealth).
  1731 | D:3      | 1731 ||| Stepping ~*~*~tactically~*~*~ (stealth).
  1732 | D:3      | 1732 ||| Stepping ~*~*~tactically~*~*~ (stealth).
  1733 | D:3      | 1733 ||| Stepping ~*~*~tactically~*~*~ (stealth).
  1739 | D:3      | Reached skill level 6 in Axes
  2062 | D:3      | Found a glowing drain.
  2063 | D:3      | 2063 ||| UPGRADING to +0 plate armour.
  2073 | D:3      | 2073 ||| DROPPING +0 scale mail.
  2074 | D:3      | 2074 ||| READING 2 scrolls labelled MUTAVY VODUP.
  2075 | D:3      | 2075 ||| READING scroll labelled GAMMOAJEY.
  2076 | D:3      | 2076 ||| READING scroll labelled KAOSANITWO.
  2077 | D:3      | 2077 ||| READING scroll labelled DIFOCK UTZOKEA.
  2195 | D:3      | 2195 ||| Stepping randomly (stuck).
  2196 | D:3      | 2196 ||| Stepping randomly (stuck).
  2288 | Sewer    | Entered a sewer
  2298 | Sewer    | 2298 ||| Stepping ~*~*~tactically~*~*~ (stealth).
  2301 | Sewer    | 2301 ||| Stepping ~*~*~tactically~*~*~ (stealth).
  2303 | Sewer    | 2303 ||| Stepping ~*~*~tactically~*~*~ (stealth).
  2306 | Sewer    | 2306 ||| Stepping ~*~*~tactically~*~*~ (stealth).
  2321 | Sewer    | Reached XP level 5. HP: 43/45 MP: 4/4
  2330 | Sewer    | 2330 ||| Stepping ~*~*~tactically~*~*~ (stealth).
  2331 | Sewer    | 2331 ||| Stepping ~*~*~tactically~*~*~ (stealth).
  2432 | Sewer    | Reached *** piety under Trog
  2479 | Sewer    | 2479 ||| Stepping ~*~*~tactically~*~*~ (stealth).
  2641 | Sewer    | 2641 ||| INVOKING Berserk.
  2821 | Sewer    | Identified the +10 mace of Popular Demand {freeze, rElec
                  | rPois rF+ Dex+2}
  2823 | Sewer    | 2823 ||| DROPPING +0 flail.
  2856 | Sewer    | 2856 ||| Stepping ~*~*~tactically~*~*~ (stealth).
  2857 | Sewer    | 2857 ||| Stepping ~*~*~tactically~*~*~ (stealth).
  3055 | Sewer    | 3055 ||| READING scroll labelled RIZU ECKOKUTS.
  3056 | Sewer    | 3056 ||| DRINKING 2 emerald potions.
  3056 | Sewer    | Gained mutation: You are weak. (Str -2) [potion of
                  | mutation]
  3056 | Sewer    | Gained mutation: You are agile. (Dex +4, Str/Int -1)
                  | [potion of mutation]
  3056 | Sewer    | Gained mutation: You have sharp toenails. [potion of
                  | mutation]
  3057 | Sewer    | 3057 ||| DRINKING 2 metallic emerald potions.
  3092 | D:3      | 3092 ||| PLANNING D:1-11
  3280 | D:4      | 3280 ||| Stepping ~*~*~tactically~*~*~ (stealth).
  3281 | D:4      | 3281 ||| Stepping ~*~*~tactically~*~*~ (stealth).
  3305 | D:4      | Reached XP level 6. HP: 44/52 MP: 5/5
  3618 | D:4      | Noticed Edmund
  3622 | D:4      | 3622 ||| INVOKING Berserk.
  3626 | D:4      | Killed Edmund
  3665 | D:4      | 3665 ||| FLEEEEING.
  3666 | D:4      | 3666 ||| FLEEEEING.
  3667 | D:4      | 3667 ||| FLEEEEING.
  3668 | D:4      | 3668 ||| FLEEEEING.
  3669 | D:4      | 3669 ||| FLEEEEING.
  3670 | D:4      | 3670 ||| FLEEEEING.
  3671 | D:4      | 3671 ||| FLEEEEING.
  3731 | D:4      | Reached **** piety under Trog
  3814 | D:4      | 3814 ||| DROPPING ring of magical power.
  3815 | D:4      | 3815 ||| READING 2 scrolls labelled MOCIR CUAXKEUSUBAI.
  3816 | D:4      | 3816 ||| READING scroll of enchant weapon.
  3816 | D:4      | 3816 ||| ENCHANTING +1 war axe.
  3817 | D:4      | 3817 ||| READING 2 scrolls of identify.
  3817 | D:4      | 3817 ||| IDENTIFYING bubbling green potion
  3835 | D:5      | Entered Level 5 of the Dungeon
  3836 | D:5      | 3836 ||| PLANNING OSSUARY
  3849 | D:5      | 3849 ||| Stepping ~*~*~tactically~*~*~ (stealth).
  3899 | D:5      | Found a sand-covered staircase.
  3903 | Ossuary  | Entered an ossuary
  3904 | Ossuary  | 3904 ||| Stepping ~*~*~tactically~*~*~ (hiding).
  3916 | Ossuary  | 3916 ||| Stepping ~*~*~tactically~*~*~ (water).
  3919 | Ossuary  | Reached XP level 7. HP: 49/59 MP: 6/6
  3923 | Ossuary  | 3923 ||| Stepping ~*~*~tactically~*~*~ (stealth).
  3936 | Ossuary  | Reached skill level 9 in Axes
  3945 | Ossuary  | 3945 ||| Stepping ~*~*~tactically~*~*~ (stealth).
  4050 | Ossuary  | 4050 ||| Stepping ~*~*~tactically~*~*~ (water).
  4067 | Ossuary  | 4067 ||| Stepping ~*~*~tactically~*~*~ (water).
  4072 | Ossuary  | Reached XP level 8. HP: 38/68 MP: 7/7
  4189 | Ossuary  | Reached skill level 6 in Fighting
  4295 | Ossuary  | 4295 ||| Stepping ~*~*~tactically~*~*~ (water).
  4487 | Ossuary  | 4487 ||| READING scroll labelled VOSKATWOVI.
  4488 | Ossuary  | 4488 ||| DRINKING 3 red potions.
  4489 | Ossuary  | 4489 ||| DRINKING 3 glowing clear potions.
  4490 | Ossuary  | 4490 ||| DRINKING 2 cyan potions.
  4591 | Ossuary  | 4591 ||| DRINKING 2 fuming pink potions.
  4592 | Ossuary  | 4592 ||| READING 4 scrolls of identify.
  4592 | Ossuary  | 4592 ||| IDENTIFYING black potion
  4593 | Ossuary  | 4593 ||| READING 3 scrolls of identify.
  4593 | Ossuary  | 4593 ||| IDENTIFYING brown potion
  4594 | Ossuary  | 4594 ||| READING 2 scrolls of identify.
  4594 | Ossuary  | 4594 ||| IDENTIFYING pink potion
  4595 | Ossuary  | 4595 ||| DROPPING potion of invisibility.
  4596 | Ossuary  | 4596 ||| DROPPING potion of degeneration.
  4597 | Ossuary  | 4597 ||| DROPPING potion of ambrosia.
  4598 | Ossuary  | 4598 ||| DROPPING potion of magic.
  4612 | D:5      | 4612 ||| PLANNING D:1-11
  4771 | D:5      | Reached skill level 3 in Throwing
  4840 | D:5      | Reached ***** piety under Trog
  5127 | D:5      | Found a runed translucent door.
  5132 | D:5      | Noticed qw's ghost (novice BaCK)
  5543 | D:5      | 5543 ||| READING 4 scrolls of teleportation.
  5586 | D:6      | Found a staircase to the Ecumenical Temple.
  5602 | D:6      | 5602 ||| INVOKING Berserk.
  5607 | D:6      | Reached skill level 12 in Axes
  5609 | D:6      | HP: 23/96 [wight/+2 halberd (8)]
  5611 | D:6      | Reached XP level 9. HP: 25/71 MP: 8/8
  6163 | D:6      | 6163 ||| INVOKING Berserk.
  6172 | D:6      | 6172 ||| Stepping ~*~*~tactically~*~*~ (stealth).
  6986 | D:6      | 6986 ||| UPGRADING to +1 pair of gloves.
  6991 | D:6      | 6991 ||| UPGRADING to +0 cloak.
  6996 | D:6      | 6996 ||| READING scroll labelled VETHRI MUATHAGU.
  7179 | D:7      | 7179 ||| STAIRDANCE
  7201 | D:7      | 7201 ||| Stepping ~*~*~tactically~*~*~ (stealth).
  7208 | D:7      | 7208 ||| Stepping ~*~*~tactically~*~*~ (stealth).
  7227 | D:7      | Reached skill level 6 in Armour
  7234 | D:7      | 7234 ||| INVOKING Berserk.
  7401 | D:7      | 7401 ||| Stepping ~*~*~tactically~*~*~ (hiding).
  7522 | D:7      | Identified the +1 leather armour of the Everdark {+Inv rF+
                  | Str+2}
  7549 | D:7      | Found a hazy altar of Hepliaklqana.
  7637 | D:7      | 7637 ||| Stepping ~*~*~tactically~*~*~ (stealth).
  7639 | D:7      | 7639 ||| Stepping ~*~*~tactically~*~*~ (stealth).
  7650 | D:7      | 7650 ||| Stepping ~*~*~tactically~*~*~ (stealth).
  7681 | D:7      | Noticed a komodo dragon
  7682 | D:7      | 7682 ||| FLEEEEING.
  7753 | D:7      | 7753 ||| INVOKING Berserk.
  7754 | D:7      | Killed a komodo dragon
  7897 | D:7      | 7897 ||| Stepping ~*~*~tactically~*~*~ (stealth).
  8009 | D:7      | 8009 ||| READING scroll labelled LAM HA BOASU.
  8009 | D:7      | Identified a scroll of acquirement
  8009 | D:7      | 8009 ||| ACQUIRING +1 broad axe of electrocution
  8009 | D:7      | Acquired a +1 broad axe of electrocution
  8011 | D:7      | 8011 ||| SWAPPING to +1 broad axe of electrocution.
  8012 | D:7      | 8012 ||| DROPPING +2 war axe of protection.
  8036 | D:8      | 8036 ||| STAIRDANCE
  8075 | D:8      | 8075 ||| FLEEEEING.
  8076 | D:8      | 8076 ||| FLEEEEING.
  8077 | D:8      | 8077 ||| FLEEEEING.
  8078 | D:8      | 8078 ||| FLEEEEING.
  8079 | D:8      | 8079 ||| FLEEEEING.
  8080 | D:8      | 8080 ||| FLEEEEING.
  8081 | D:8      | 8081 ||| STAIRDANCE
  8272 | D:8      | 8272 ||| STAIRDANCE
  8279 | D:7      | 8279 ||| DRINKING 2 fizzy blue potions.
  8324 | D:7      | 8324 ||| DROPPING potion of lignification.
  8347 | D:8      | Noticed Grum
  8348 | D:8      | 8348 ||| INVOKING Brothers in Arms.
  8351 | D:8      | 8351 ||| INVOKING Berserk.
  8355 | D:8      | Killed Grum
  8360 | D:8      | Reached XP level 10. HP: 88/88 MP: 9/9
  8459 | D:8      | Found a white marble altar of Elyvilon.
  8471 | D:8      | 8471 ||| INVOKING Berserk.
  8640 | D:8      | 8640 ||| Stepping ~*~*~tactically~*~*~ (stealth).
  9163 | D:8      | 9163 ||| READING 3 scrolls of identify.
  9163 | D:8      | 9163 ||| IDENTIFYING dark potion
  9164 | D:8      | 9164 ||| READING 2 scrolls of identify.
  9164 | D:8      | 9164 ||| IDENTIFYING purple potion
  9165 | D:8      | 9165 ||| DROPPING potion of flight.
  9179 | D:9      | Noticed Erica
  9181 | D:9      | 9181 ||| INVOKING Berserk.
  9184 | D:9      | Killed Erica
  9345 | D:9      | Noticed Harold
  9346 | D:9      | 9346 ||| Stepping ~*~*~tactically~*~*~ (hiding).
  9353 | D:9      | 9353 ||| INVOKING Berserk.
  9355 | D:9      | Reached skill level 15 in Axes
  9357 | D:9      | Killed Harold
  9358 | D:9      | Reached skill level 9 in Fighting
  9536 | D:9      | 9536 ||| Stepping ~*~*~tactically~*~*~ (stealth).
  9537 | D:9      | 9537 ||| FLEEEEING.
  9539 | D:9      | 9539 ||| FLEEEEING.
  9540 | D:9      | 9540 ||| FLEEEEING.
  9541 | D:9      | 9541 ||| FLEEEEING.
  9542 | D:9      | 9542 ||| FLEEEEING.
  9543 | D:9      | 9543 ||| FLEEEEING.
  9544 | D:9      | 9544 ||| FLEEEEING.
  9545 | D:9      | 9545 ||| FLEEEEING.
  9546 | D:9      | 9546 ||| FLEEEEING.
  9547 | D:9      | 9547 ||| FLEEEEING.
  9548 | D:9      | 9548 ||| FLEEEEING.
  9549 | D:9      | 9549 ||| FLEEEEING.
  9550 | D:9      | 9550 ||| FLEEEEING.
  9551 | D:9      | 9551 ||| FLEEEEING.
  9552 | D:9      | 9552 ||| FLEEEEING.
  9558 | D:9      | 9558 ||| FLEEEEING.
  9559 | D:9      | 9559 ||| FLEEEEING.
  9560 | D:9      | 9560 ||| FLEEEEING.
  9561 | D:9      | 9561 ||| FLEEEEING.
  9562 | D:9      | 9562 ||| FLEEEEING.
  9563 | D:9      | 9563 ||| FLEEEEING.
  9564 | D:9      | 9564 ||| FLEEEEING.
  9565 | D:9      | 9565 ||| FLEEEEING.
  9568 | D:9      | 9568 ||| FLEEEEING.
  9569 | D:9      | 9569 ||| FLEEEEING.
  9570 | D:9      | 9570 ||| FLEEEEING.
  9571 | D:9      | 9571 ||| FLEEEEING.
  9572 | D:9      | 9572 ||| FLEEEEING.
  9573 | D:9      | 9573 ||| FLEEEEING.
  9574 | D:9      | 9574 ||| FLEEEEING.
  9575 | D:9      | 9575 ||| FLEEEEING.
  9576 | D:9      | 9576 ||| FLEEEEING.
  9580 | D:9      | 9580 ||| FLEEEEING.
  9581 | D:9      | 9581 ||| FLEEEEING.
  9582 | D:9      | 9582 ||| FLEEEEING.
  9583 | D:9      | 9583 ||| FLEEEEING.
  9584 | D:9      | 9584 ||| FLEEEEING.
  9585 | D:9      | 9585 ||| FLEEEEING.
  9586 | D:9      | 9586 ||| FLEEEEING.
  9587 | D:9      | 9587 ||| FLEEEEING.
  9588 | D:9      | 9588 ||| FLEEEEING.
  9589 | D:9      | 9589 ||| FLEEEEING.
  9590 | D:9      | 9590 ||| FLEEEEING.
  9591 | D:9      | 9591 ||| FLEEEEING.
  9601 | D:9      | 9601 ||| FLEEEEING.
  9602 | D:9      | 9602 ||| FLEEEEING.
  9603 | D:9      | 9603 ||| STAIRDANCE
  9767 | D:9      | 9767 ||| INVOKING Brothers in Arms.
  9767 | D:9      | Gained mutation: You occasionally lose the ability to read
                  | scrolls when taking damage. [a neqoxec]
  9768 | D:9      | 9768 ||| INVOKING Berserk.
  9875 | D:9      | 9875 ||| DRINKING 2 potions of mutation.
  9875 | D:9      | Lost mutation: You occasionally lose the ability to read
                  | scrolls when taking damage. [potion of mutation]
  9875 | D:9      | Lost mutation: You are agile. (Dex +4, Str/Int -1) [potion
                  | of mutation]
  9875 | D:9      | Gained mutation: Your magical capacity is low. (-10% MP)
                  | [potion of mutation]
  9875 | D:9      | Gained mutation: You occasionally lose the ability to drink
                  | potions when taking damage. [potion of mutation]
  9875 | D:9      | Gained mutation: You passively map a small area around you.
                  | [potion of mutation]
  9875 | D:9      | Gained mutation: You have very sharp teeth. [potion of
                  | mutation]
  9876 | D:9      | 9876 ||| DRINKING potion of mutation.
  9876 | D:9      | Lost mutation: You have very sharp teeth. [potion of
                  | mutation]
  9876 | D:9      | Lost mutation: You occasionally lose the ability to drink
                  | potions when taking damage. [potion of mutation]
  9876 | D:9      | Lost mutation: You passively map a small area around you.
                  | [potion of mutation]
  9876 | D:9      | Gained mutation: Your magical capacity is very low. (-20%
                  | MP) [potion of mutation]
  9876 | D:9      | Lost mutation: You are weak. (Str -2) [potion of mutation]
  9896 | D:9      | 9896 ||| Stepping ~*~*~tactically~*~*~ (hiding).
  9905 | D:9      | Reached XP level 11. HP: 97/97 MP: 7/7
 10296 | D:9      | 10296 ||| UPGRADING to +0 kite shield.
 10304 | D:10     | Entered Level 10 of the Dungeon
 10306 | D:10     | 10306 ||| STAIRDANCE
 10312 | D:9      | Reached skill level 1 in Shields
 10356 | D:10     | 10356 ||| STAIRDANCE
 10362 | D:9      | Reached skill level 3 in Shields
 10463 | D:10     | 10463 ||| STAIRDANCE
 10547 | D:10     | 10547 ||| READING scroll of acquirement.
 10547 | D:10     | 10547 ||| ACQUIRING +0 cloak "Cigreaho" {Str+4}
 10547 | D:10     | Acquired the +0 cloak "Cigreaho" {Str+4}
 10549 | D:10     | 10549 ||| UPGRADING to +0 cloak "Cigreaho" {Str+4}.
 10559 | D:10     | 10559 ||| DROPPING +0 cloak.
 10579 | D:10     | Noticed a two-headed ogre
 10583 | D:10     | 10583 ||| INVOKING Berserk.
 10584 | D:10     | Killed a two-headed ogre
 10751 | D:10     | Found a staircase to the Lair.
 10781 | D:10     | 10781 ||| Stepping ~*~*~tactically~*~*~ (stealth).
 10783 | D:10     | 10783 ||| Stepping ~*~*~tactically~*~*~ (stealth).
 10806 | D:10     | 10806 ||| INVOKING Berserk.
 10808 | D:10     | Reached skill level 6 in Shields
 11093 | D:10     | 11093 ||| Stepping ~*~*~tactically~*~*~ (hiding).
 11098 | D:10     | 11098 ||| INVOKING Berserk.
 11125 | D:10     | 11125 ||| Stepping ~*~*~tactically~*~*~ (stealth).
 11126 | D:10     | 11126 ||| Stepping ~*~*~tactically~*~*~ (stealth).
 11235 | D:10     | Noticed Fannar
 11242 | D:10     | Killed Fannar
 11488 | D:10     | 11488 ||| Stepping randomly (disturbance).
 11489 | D:10     | 11489 ||| Stepping randomly (disturbance).
 11711 | D:10     | Found a staircase to the Orcish Mines.
 11768 | D:10     | 11768 ||| PLANNING LAIR
 11821 | Lair:1   | Entered Level 1 of the Lair of Beasts
 11861 | Lair:1   | 11861 ||| Stepping ~*~*~tactically~*~*~ (hiding).
 11864 | Lair:1   | 11864 ||| INVOKING Berserk.
 12196 | Lair:1   | 12196 ||| Stepping ~*~*~tactically~*~*~ (stealth).
 12197 | Lair:1   | 12197 ||| INVOKING Berserk.
 12200 | Lair:1   | Reached skill level 9 in Shields
 12373 | Lair:1   | 12373 ||| Stepping ~*~*~tactically~*~*~ (stealth).
 12374 | Lair:1   | 12374 ||| Stepping ~*~*~tactically~*~*~ (stealth).
 12381 | Lair:1   | 12381 ||| Stepping ~*~*~tactically~*~*~ (stealth).
 12392 | Lair:1   | 12392 ||| Stepping ~*~*~tactically~*~*~ (stealth).
 12401 | Lair:1   | 12401 ||| Stepping ~*~*~tactically~*~*~ (stealth).
 12402 | Lair:1   | 12402 ||| Stepping ~*~*~tactically~*~*~ (stealth).
 12410 | Lair:1   | 12410 ||| Stepping ~*~*~tactically~*~*~ (stealth).
 12910 | Lair:1   | 12910 ||| READING scroll labelled EXEAGA TUNATHRO.
 12994 | Lair:2   | 12994 ||| INVOKING Berserk.
 13207 | Lair:2   | 13207 ||| READING scroll of enchant armour.
 13207 | Lair:2   | 13207 ||| ENCHANTING +1 pair of gloves.
 13406 | Lair:2   | Found a dark tunnel.
 13408 | Lair:2   | Noticed Prince Ribbit
 13409 | Lair:2   | 13409 ||| Stepping ~*~*~tactically~*~*~ (stealth).
 13412 | Lair:2   | 13412 ||| INVOKING Berserk.
 13427 | Lair:2   | Killed Prince Ribbit
 13428 | Lair:2   | Reached XP level 12. HP: 72/104 MP: 8/8
 13511 | Lair:2   | 13511 ||| Stepping ~*~*~tactically~*~*~ (stealth).
 13520 | Lair:2   | 13520 ||| Stepping ~*~*~tactically~*~*~ (stealth).
 13524 | Lair:2   | 13524 ||| Stepping ~*~*~tactically~*~*~ (stealth).
 13525 | Lair:2   | 13525 ||| Stepping ~*~*~tactically~*~*~ (stealth).
 13528 | Lair:2   | 13528 ||| Stepping ~*~*~tactically~*~*~ (stealth).
 13530 | Lair:2   | 13530 ||| Stepping ~*~*~tactically~*~*~ (stealth).
 13537 | Lair:2   | 13537 ||| Stepping ~*~*~tactically~*~*~ (stealth).
 13542 | Lair:2   | 13542 ||| Stepping ~*~*~tactically~*~*~ (stealth).
 13704 | Lair:2   | 13704 ||| DRINKING 2 potions of cancellation.
 13710 | Lair:2   | 13710 ||| DRINKING potion of cancellation.
 14204 | Lair:2   | 14204 ||| READING scroll labelled AZOLATT EPIQAF.
 14231 | Lair:3   | 14231 ||| FLEEEEING.
 14234 | Lair:3   | 14234 ||| STAIRDANCE
 14297 | Lair:3   | 14297 ||| FLEEEEING.
 14300 | Lair:3   | 14300 ||| STAIRDANCE
 14390 | Lair:3   | 14390 ||| INVOKING Berserk.
 14406 | Lair:3   | Noticed a six-headed hydra
 14407 | Lair:3   | 14407 ||| INVOKING Brothers in Arms.
 14408 | Lair:3   | 14408 ||| INVOKING Brothers in Arms.
 14409 | Lair:3   | 14409 ||| SWAPPING to +10 mace of Popular Demand {freeze,
                  | rElec rPois rF+ Dex+2}.
 14411 | Lair:3   | Killed a six-headed hydra
 14412 | Lair:3   | 14412 ||| SWAPPING to +1 broad axe of electrocution.
 14415 | Lair:3   | HP: 15/104 [oklob plant/splash of acid (19)]
 14416 | Lair:3   | 14416 ||| READING 9 scrolls of teleportation.
 14417 | Lair:3   | 14417 ||| DRINKING 3 potions of heal wounds.
 14424 | Lair:3   | HP: 21/105 [yak (8)]
 14425 | Lair:3   | 14425 ||| READING 8 scrolls of teleportation.
 14426 | Lair:3   | 14426 ||| DRINKING 2 potions of heal wounds.
 14432 | Lair:3   | 14432 ||| INVOKING Berserk.
 14758 | Lair:3   | 14758 ||| FLEEEEING.
 14759 | Lair:3   | 14759 ||| FLEEEEING.
 14904 | Lair:3   | 14904 ||| INVOKING Berserk.
 14913 | Lair:3   | Found a staircase to the Snake Pit.
 15025 | Lair:3   | 15025 ||| Stepping ~*~*~tactically~*~*~ (stealth).
 15027 | Lair:3   | 15027 ||| Stepping ~*~*~tactically~*~*~ (stealth).
 15037 | Lair:3   | Reached skill level 9 in Armour
 15045 | Lair:3   | 15045 ||| FLEEEEING.
 15216 | Lair:3   | Noticed a six-headed hydra
 15217 | Lair:3   | 15217 ||| INVOKING Brothers in Arms.
 15219 | Lair:3   | 15219 ||| SWAPPING to +10 mace of Popular Demand {freeze,
                  | rElec rPois rF+ Dex+2}.
 15220 | Lair:3   | 15220 ||| INVOKING Berserk.
 15221 | Lair:3   | Killed a six-headed hydra
 15227 | Lair:3   | 15227 ||| SWAPPING to +1 broad axe of electrocution.
 15345 | Lair:3   | 15345 ||| Stepping ~*~*~tactically~*~*~ (stealth).
 15346 | Lair:3   | 15346 ||| Stepping ~*~*~tactically~*~*~ (stealth).
 15416 | Lair:3   | 15416 ||| INVOKING Berserk.
 15418 | Lair:3   | Reached skill level 18 in Axes
 16165 | Lair:3   | 16165 ||| INVOKING Berserk.
 16412 | Lair:3   | Found a staircase to the Shoals.
 16425 | Lair:3   | 16425 ||| INVOKING Berserk.
 16607 | Lair:3   | 16607 ||| UPGRADING to amulet of the acrobat.
 16612 | Lair:3   | 16612 ||| READING 2 scrolls labelled OSAOLUNWOO.
 16613 | Lair:3   | 16613 ||| DROPPING scroll of vulnerability.
 16714 | Lair:4   | Reached XP level 13. HP: 111/116 MP: 9/9
 16766 | Lair:4   | 16766 ||| INVOKING Brothers in Arms.
 16767 | Lair:4   | 16767 ||| INVOKING Brothers in Arms.
 16775 | Lair:4   | 16775 ||| INVOKING Berserk.
 16905 | Lair:4   | 16905 ||| INVOKING Berserk.
 17156 | Lair:4   | Reached skill level 12 in Shields
 17173 | Lair:4   | 17173 ||| INVOKING Berserk.
 17361 | Lair:4   | 17361 ||| Stepping ~*~*~tactically~*~*~ (cloud).
 17362 | Lair:4   | 17362 ||| INVOKING Berserk.
 17554 | Lair:4   | 17554 ||| READING scroll of enchant armour.
 17554 | Lair:4   | 17554 ||| ENCHANTING +0 plate armour.
 17738 | Lair:4   | 17738 ||| UPGRADING to ring of positive energy.
 17769 | Lair:5   | Entered Level 5 of the Lair of Beasts
 17770 | Lair:5   | 17770 ||| STAIRDANCE
 17774 | Lair:5   | 17774 ||| INVOKING Brothers in Arms.
 17777 | Lair:5   | 17777 ||| SWAPPING to +10 mace of Popular Demand {freeze,
                  | rElec rPois rF+ Dex+2}.
 17778 | Lair:5   | 17778 ||| Stepping ~*~*~tactically~*~*~ (outnumbered).
 17779 | Lair:5   | 17779 ||| INVOKING Berserk.
 17789 | Lair:5   | Reached skill level 12 in Fighting
 17799 | Lair:5   | 17799 ||| SWAPPING to +1 broad axe of electrocution.
 17890 | Lair:5   | 17890 ||| FLEEEEING.
 17891 | Lair:5   | 17891 ||| FLEEEEING.
 17892 | Lair:5   | 17892 ||| FLEEEEING.
 17893 | Lair:5   | 17893 ||| FLEEEEING.
 17894 | Lair:5   | 17894 ||| STAIRDANCE
 18392 | Lair:5   | 18392 ||| INVOKING Berserk.
 18421 | Lair:5   | 18421 ||| FLEEEEING.
 18422 | Lair:5   | 18422 ||| FLEEEEING.
 18424 | Lair:5   | 18424 ||| STAIRDANCE
 18546 | Lair:4   | 18546 ||| READING 4 scrolls of identify.
 18546 | Lair:4   | 18546 ||| IDENTIFYING murky silvery potion
 18547 | Lair:4   | 18547 ||| DROPPING potion of berserk rage.
 18551 | Lair:5   | 18551 ||| INVOKING Berserk.
 18558 | Lair:5   | 18558 ||| STAIRDANCE
 18690 | Lair:5   | 18690 ||| READING scroll of brand weapon.
 18690 | Lair:5   | 18690 ||| BRANDING +1 broad axe of electrocution.
 18758 | Lair:5   | 18758 ||| INVOKING Berserk.
 18910 | Lair:5   | 18910 ||| INVOKING Berserk.
 19033 | Lair:5   | 19033 ||| INVOKING Berserk.
 19276 | Lair:5   | Found a staircase to the Slime Pits.
 19334 | Lair:5   | 19334 ||| Stepping ~*~*~tactically~*~*~ (hiding).
 19335 | Lair:5   | 19335 ||| Stepping ~*~*~tactically~*~*~ (hiding).
 19337 | Lair:5   | 19337 ||| Stepping ~*~*~tactically~*~*~ (hiding).
 19350 | Lair:5   | 19350 ||| INVOKING Berserk.
 19360 | Lair:5   | 19360 ||| Stepping ~*~*~tactically~*~*~ (stealth).
 19505 | Lair:5   | 19505 ||| INVOKING Brothers in Arms.
 19508 | Lair:5   | 19508 ||| SWAPPING to +10 mace of Popular Demand {freeze,
                  | rElec rPois rF+ Dex+2}.
 19510 | Lair:5   | 19510 ||| INVOKING Berserk.
 19526 | Lair:5   | Reached skill level 6 in Dodging
 19543 | Lair:5   | 19543 ||| SWAPPING to +1 vampiric broad axe.
 19557 | Lair:5   | 19557 ||| FLEEEEING.
 19558 | Lair:5   | 19558 ||| FLEEEEING.
 19559 | Lair:5   | 19559 ||| FLEEEEING.
 19560 | Lair:5   | 19560 ||| FLEEEEING.
 19561 | Lair:5   | 19561 ||| FLEEEEING.
 19562 | Lair:5   | 19562 ||| FLEEEEING.
 19563 | Lair:5   | 19563 ||| FLEEEEING.
 19564 | Lair:5   | 19564 ||| FLEEEEING.
 19565 | Lair:5   | 19565 ||| FLEEEEING.
 19566 | Lair:5   | 19566 ||| FLEEEEING.
 19567 | Lair:5   | 19567 ||| FLEEEEING.
 19631 | Lair:5   | 19631 ||| Stepping ~*~*~tactically~*~*~ (hiding).
 19733 | Lair:5   | 19733 ||| Stepping ~*~*~tactically~*~*~ (hiding).
 19738 | Lair:5   | 19738 ||| INVOKING Berserk.
 19741 | Lair:5   | Reached skill level 12 in Armour
 19741 | Lair:5   | Reached XP level 14. HP: 129/129 MP: 10/10
 19820 | Lair:5   | 19820 ||| FLEEEEING.
 19821 | Lair:5   | 19821 ||| FLEEEEING.
 19861 | Lair:5   | 19861 ||| FLEEEEING.
 19862 | Lair:5   | 19862 ||| FLEEEEING.
 19863 | Lair:5   | 19863 ||| FLEEEEING.
 19864 | Lair:5   | 19864 ||| FLEEEEING.
 19865 | Lair:5   | 19865 ||| FLEEEEING.
 19866 | Lair:5   | 19866 ||| FLEEEEING.
 19874 | Lair:5   | 19874 ||| FLEEEEING.
 19875 | Lair:5   | 19875 ||| FLEEEEING.
 19876 | Lair:5   | 19876 ||| FLEEEEING.
 19877 | Lair:5   | 19877 ||| FLEEEEING.
 19878 | Lair:5   | 19878 ||| FLEEEEING.
 19879 | Lair:5   | 19879 ||| FLEEEEING.
 19880 | Lair:5   | 19880 ||| FLEEEEING.
 19881 | Lair:5   | 19881 ||| FLEEEEING.
 19887 | Lair:5   | 19887 ||| STAIRDANCE
 19986 | Lair:5   | 19986 ||| STAIRDANCE
 20306 | Lair:5   | 20306 ||| Stepping ~*~*~tactically~*~*~ (stealth).
 20308 | Lair:5   | 20308 ||| INVOKING Brothers in Arms.
 20309 | Lair:5   | 20309 ||| INVOKING Brothers in Arms.
 20310 | Lair:5   | 20310 ||| INVOKING Brothers in Arms.
 20311 | Lair:5   | 20311 ||| INVOKING Brothers in Arms.
 20312 | Lair:5   | 20312 ||| SWAPPING to +10 mace of Popular Demand {freeze,
                  | rElec rPois rF+ Dex+2}.
 20313 | Lair:5   | 20313 ||| INVOKING Berserk.
 20339 | Lair:5   | 20339 ||| SWAPPING to +1 vampiric broad axe.
 20468 | Lair:5   | Found a large runed translucent door.
 20469 | Lair:5   | Found a large runed translucent door.
 20752 | Lair:5   | 20752 ||| READING 8 scrolls of teleportation.
 20753 | Lair:5   | 20753 ||| PLANNING D:1-11
 21082 | D:11     | 21082 ||| INVOKING Berserk.
 21261 | D:11     | 21261 ||| INVOKING Berserk.
 21290 | D:11     | 21290 ||| Stepping ~*~*~tactically~*~*~ (stealth).
 21296 | D:11     | 21296 ||| Stepping ~*~*~tactically~*~*~ (stealth).
 21297 | D:11     | 21297 ||| Stepping ~*~*~tactically~*~*~ (stealth).
 21371 | D:11     | 21371 ||| INVOKING Berserk.
 21457 | D:11     | 21457 ||| Stepping ~*~*~tactically~*~*~ (stealth).
 21458 | D:11     | 21458 ||| Stepping ~*~*~tactically~*~*~ (stealth).
 21487 | D:11     | 21487 ||| READING scroll of enchant armour.
 21487 | D:11     | 21487 ||| ENCHANTING +1 plate armour.
 21497 | D:11     | 21497 ||| Stepping ~*~*~tactically~*~*~ (stealth).
 21602 | D:11     | 21602 ||| Stepping ~*~*~tactically~*~*~ (stealth).
 22114 | D:11     | 22114 ||| PLANNING D
 22114 | D:11     | 22114 ||| UPGRADING to ring of willpower.
 22150 | D:12     | 22150 ||| INVOKING Brothers in Arms.
 22190 | D:12     | 22190 ||| FLEEEEING.
 22204 | D:12     | 22204 ||| INVOKING Berserk.
 22462 | D:12     | Found an opulent altar of Gozag.
 22507 | D:12     | 22507 ||| DROPPING +6 whip.
 22592 | D:12     | Identified the amulet of Yendor {Spirit +Blink Dex+2}
 22681 | D:12     | Found a frozen archway.
 22849 | D:12     | Found Bautsyem's Assorted Antiques.
 22857 | D:12     | 22857 ||| BUYING potion of curing (81 gold).
 22857 | D:12     | Bought a potion of curing for 81 gold pieces
 22857 | D:12     | 22857 ||| BUYING potion of haste (270 gold).
 22857 | D:12     | Bought a potion of haste for 270 gold pieces
 22857 | D:12     | 22857 ||| BUYING runed kite shield (202 gold).
 22857 | D:12     | Bought a runed kite shield for 202 gold pieces
 22857 | D:12     | 22857 ||| BUYING scroll labelled YSO SIOCOISUFOIS (27
                  | gold).
 22857 | D:12     | Bought a scroll labelled YSO SIOCOISUFOIS for 27 gold
                  | pieces
 22948 | D:12     | 22948 ||| UPGRADING to +2 kite shield of poison resistance.
 22958 | D:12     | 22958 ||| DROPPING +0 kite shield.
 22959 | D:12     | 22959 ||| UPGRADING to amulet of Yendor {Spirit +Blink
                  | Dex+2}.
 22969 | D:12     | 22969 ||| DROPPING scroll of amnesia.
 23010 | D:13     | Noticed Kirke
 23010 | D:13     | Noticed Rupert
 23011 | D:13     | 23011 ||| INVOKING Trog's Hand.
 23012 | D:13     | 23012 ||| STAIRDANCE
 23019 | D:13     | 23019 ||| STAIRDANCE
 23032 | D:13     | 23032 ||| STAIRDANCE
 23034 | D:12     | 23034 ||| INVOKING Trog's Hand.
 23035 | D:12     | 23035 ||| INVOKING Berserk.
 23044 | D:12     | Killed Rupert
 23048 | D:12     | Killed Kirke
 23211 | D:13     | Reached skill level 15 in Fighting
 23352 | D:13     | 23352 ||| READING 2 scrolls of acquirement.
 23352 | D:13     | 23352 ||| ACQUIRING +4 tower shield of Cloud Cover {-Cast
                  | Fly rF+++ Dex-5}
 23352 | D:13     | Acquired the +4 tower shield of Cloud Cover {-Cast Fly
                  | rF+++ Dex-5}
 23354 | D:13     | 23354 ||| UPGRADING to +4 tower shield of Cloud Cover
                  | {-Cast Fly rF+++ Dex-5}.
 23364 | D:13     | 23364 ||| DROPPING +2 kite shield of poison resistance.
 23365 | D:13     | 23365 ||| READING scroll of acquirement.
 23365 | D:13     | 23365 ||| ACQUIRING +2 crystal plate armour of Refuge {rC+}
 23365 | D:13     | Acquired the +2 crystal plate armour of Refuge {rC+}
 23367 | D:13     | 23367 ||| UPGRADING to +2 crystal plate armour of Refuge
                  | {rC+}.
 23377 | D:13     | 23377 ||| DROPPING +2 plate armour.
 23378 | D:13     | 23378 ||| DROPPING +0 fire dragon scales.
 23407 | D:13     | Noticed Sonja
 23530 | D:13     | 23530 ||| INVOKING Berserk.
 23530 | Abyss:1  | Cast into level 1 of the Abyss (Sonja)
 23534 | Abyss:1  | 23534 ||| INVOKING Trog's Hand.
 23545 | Abyss:1  | 23545 ||| INVOKING Trog's Hand.
 23635 | Abyss:1  | 23635 ||| Stepping ~*~*~tactically~*~*~ (stealth).
 23635 | Abyss:1  | Found a corrupted altar of Lugonu.
 23637 | Abyss:1  | 23637 ||| Stepping ~*~*~tactically~*~*~ (stealth).
 23638 | Abyss:1  | 23638 ||| Stepping ~*~*~tactically~*~*~ (stealth).
 23654 | Abyss:1  | Noticed a tentacled starspawn
 23655 | Abyss:1  | 23655 ||| Stepping ~*~*~tactically~*~*~ (hiding).
 23680 | Abyss:1  | Killed a tentacled starspawn
 23686 | Abyss:1  | 23686 ||| Stepping ~*~*~tactically~*~*~ (stealth).
 23687 | Abyss:1  | 23687 ||| Stepping ~*~*~tactically~*~*~ (stealth).
 23705 | Abyss:1  | 23705 ||| Stepping ~*~*~tactically~*~*~ (stealth).
 23724 | Abyss:1  | 23724 ||| INVOKING Trog's Hand.
 23727 | Abyss:1  | 23727 ||| Stepping ~*~*~tactically~*~*~ (stealth).
 23793 | Abyss:1  | 23793 ||| Stepping ~*~*~tactically~*~*~ (stealth).
 23794 | Abyss:1  | 23794 ||| Stepping ~*~*~tactically~*~*~ (stealth).
 23804 | Abyss:1  | 23804 ||| Stepping ~*~*~tactically~*~*~ (stealth).
 23805 | Abyss:1  | 23805 ||| Stepping ~*~*~tactically~*~*~ (stealth).
 23848 | Abyss:1  | 23848 ||| Stepping ~*~*~tactically~*~*~ (stealth).
 23948 | Abyss:1  | 23948 ||| Stepping ~*~*~tactically~*~*~ (hiding).
 23953 | Abyss:1  | 23953 ||| Stepping ~*~*~tactically~*~*~ (stealth).
 23970 | Abyss:1  | Reached skill level 15 in Shields
 23982 | Abyss:1  | 23982 ||| Stepping ~*~*~tactically~*~*~ (stealth).
 23994 | Abyss:1  | 23994 ||| Stepping ~*~*~tactically~*~*~ (stealth).
 23995 | Abyss:1  | 23995 ||| Stepping ~*~*~tactically~*~*~ (stealth).
 24013 | Abyss:1  | Lost intelligence.
 24021 | Abyss:1  | Gained mutation: You are dopey. (Int -2) [a neqoxec]
 24024 | Abyss:1  | 24024 ||| INVOKING Trog's Hand.
 24031 | Abyss:1  | 24031 ||| Stepping ~*~*~tactically~*~*~ (stealth).
 24048 | Abyss:1  | 24048 ||| Stepping ~*~*~tactically~*~*~ (hiding).
 24088 | Abyss:1  | 24088 ||| Stepping ~*~*~tactically~*~*~ (stealth).
 24090 | Abyss:1  | 24090 ||| Stepping ~*~*~tactically~*~*~ (stealth).
 24095 | Abyss:1  | Noticed a tentacled starspawn
 24096 | Abyss:1  | 24096 ||| Stepping ~*~*~tactically~*~*~ (stealth).
 24097 | Abyss:1  | 24097 ||| Stepping ~*~*~tactically~*~*~ (stealth).
 24098 | Abyss:1  | 24098 ||| Stepping ~*~*~tactically~*~*~ (stealth).
 24101 | Abyss:1  | 24101 ||| Stepping ~*~*~tactically~*~*~ (stealth).
 24110 | Abyss:1  | Killed a tentacled starspawn
 24113 | Abyss:1  | Noticed a bone dragon
 24120 | Abyss:1  | Noticed a tentacled starspawn
 24122 | Abyss:1  | 24122 ||| INVOKING Berserk.
 24131 | Abyss:1  | Killed a tentacled starspawn
 24132 | Abyss:1  | Reached XP level 15. HP: 87/141 MP: 8/11
 24134 | D:13     | Escaped the Abyss
 24137 | D:13     | HP: 26/141 [Sonja/+1 short sword of distortion (15)]
 24138 | D:13     | 24138 ||| DRINKING 2 potions of heal wounds.
 24139 | D:13     | 24139 ||| DRINKING potion of heal wounds.
 24142 | D:13     | Killed Sonja
 24144 | D:13     | Killed a bone dragon
 24374 | D:13     | 24374 ||| Stepping ~*~*~tactically~*~*~ (hiding).
 24523 | D:13     | 24523 ||| Stepping ~*~*~tactically~*~*~ (hiding).
 24524 | D:13     | 24524 ||| Stepping ~*~*~tactically~*~*~ (hiding).
 24789 | D:13     | 24789 ||| UPGRADING to ring of willpower.
 25047 | D:14     | 25047 ||| Stepping ~*~*~tactically~*~*~ (hiding).
 25049 | D:14     | 25049 ||| SWAPPING to +10 mace of Popular Demand {freeze,
                  | rElec rPois rF+ Dex+2}.
 25050 | D:14     | 25050 ||| INVOKING Berserk.
 25061 | D:14     | 25061 ||| SWAPPING to +1 vampiric broad axe.
 25247 | D:14     | 25247 ||| Stepping ~*~*~tactically~*~*~ (stealth).
 25450 | D:14     | 25450 ||| INVOKING Trog's Hand.
 25451 | D:14     | 25451 ||| Stepping ~*~*~tactically~*~*~ (stealth).
 25453 | D:14     | 25453 ||| INVOKING Berserk.
 25527 | D:14     | Found a gate to the Vaults.
 25939 | D:15     | Entered Level 15 of the Dungeon
 25942 | D:15     | 25942 ||| SWAPPING to +10 mace of Popular Demand {freeze,
                  | rElec rPois rF+ Dex+2}.
 25944 | D:15     | 25944 ||| STAIRDANCE
 25946 | D:14     | 25946 ||| INVOKING Berserk.
 25958 | D:14     | 25958 ||| SWAPPING to +1 vampiric broad axe.
 26061 | D:15     | 26061 ||| STAIRDANCE
 26088 | D:15     | 26088 ||| STAIRDANCE
 26096 | D:15     | 26096 ||| INVOKING Trog's Hand.
 26098 | D:15     | 26098 ||| INVOKING Berserk.
 26220 | D:15     | 26220 ||| SWAPPING to +10 mace of Popular Demand {freeze,
                  | rElec rPois rF+ Dex+2}.
 26222 | D:15     | 26222 ||| INVOKING Berserk.
 26241 | D:15     | 26241 ||| SWAPPING to +1 vampiric broad axe.
 26384 | D:15     | Reached skill level 15 in Armour
 26388 | D:15     | 26388 ||| FLEEEEING.
 26389 | D:15     | 26389 ||| FLEEEEING.
 26390 | D:15     | 26390 ||| FLEEEEING.
 26391 | D:15     | 26391 ||| FLEEEEING.
 26392 | D:15     | 26392 ||| FLEEEEING.
 26393 | D:15     | 26393 ||| FLEEEEING.
 26394 | D:15     | 26394 ||| FLEEEEING.
 26395 | D:15     | 26395 ||| FLEEEEING.
 26396 | D:15     | 26396 ||| FLEEEEING.
 26397 | D:15     | 26397 ||| FLEEEEING.
 26705 | D:15     | 26705 ||| Stepping ~*~*~tactically~*~*~ (hiding).
 26706 | D:15     | 26706 ||| INVOKING Berserk.
 26912 | D:15     | 26912 ||| Stepping ~*~*~tactically~*~*~ (stealth).
 26914 | D:15     | 26914 ||| INVOKING Trog's Hand.
 26934 | D:15     | 26934 ||| Stepping ~*~*~tactically~*~*~ (stealth).
 26937 | D:15     | 26937 ||| Stepping ~*~*~tactically~*~*~ (stealth).
 26966 | D:15     | Found a staircase to the Depths.
 27085 | D:15     | Reached skill level 18 in Shields
 27304 | D:15     | 27304 ||| INVOKING Brothers in Arms.
 27348 | D:15     | 27348 ||| INVOKING Brothers in Arms.
 27349 | D:15     | 27349 ||| INVOKING Brothers in Arms.
 27478 | D:15     | HP: 31/141 [archer statue/arrow (7)]
 27479 | D:15     | 27479 ||| READING 10 scrolls of teleportation.
 27885 | D:15     | HP: 34/141 [archer statue/arrow (4)]
 27886 | D:15     | 27886 ||| READING 9 scrolls of teleportation.
 27886 | D:15     | HP: 16/141 [archer statue/arrow (7)]
 28340 | D:15     | 28340 ||| INVOKING Berserk.
 28344 | D:15     | 28344 ||| DROPPING amulet of the acrobat.
 28345 | D:15     | 28345 ||| PLANNING ORC
 28354 | D:15     | HP: 30/141 [archer statue/arrow (15)]
 28355 | D:15     | 28355 ||| READING 8 scrolls of teleportation.
 28356 | D:15     | HP: 14/141 [archer statue/arrow (13)]
 28733 | D:15     | 28733 ||| UPGRADING to amulet of reflection.
 28743 | D:15     | 28743 ||| DROPPING amulet of Yendor {Spirit +Blink Dex+2}.
 28883 | Orc:1    | Entered Level 1 of the Orcish Mines
 28907 | Orc:1    | 28907 ||| INVOKING Berserk.
 29221 | Orc:2    | Entered Level 2 of the Orcish Mines
 29222 | Orc:2    | 29222 ||| INVOKING Trog's Hand.
 29227 | Orc:2    | 29227 ||| INVOKING Berserk.
 29244 | Orc:2    | 29244 ||| FLEEEEING.
 29246 | Orc:2    | 29246 ||| STAIRDANCE
 29372 | Orc:2    | 29372 ||| STAIRDANCE
 29378 | Orc:2    | 29378 ||| STAIRDANCE
 29386 | Orc:2    | 29386 ||| STAIRDANCE
 29392 | Orc:2    | 29392 ||| STAIRDANCE
 29400 | Orc:2    | Found a staircase to the Elven Halls.
 29430 | Orc:2    | 29430 ||| Stepping ~*~*~tactically~*~*~ (hiding).
 29434 | Orc:2    | 29434 ||| INVOKING Berserk.
 29459 | Orc:2    | 29459 ||| Stepping ~*~*~tactically~*~*~ (hiding).
 29463 | Orc:2    | 29463 ||| Stepping ~*~*~tactically~*~*~ (hiding).
 29499 | Orc:2    | 29499 ||| Stepping ~*~*~tactically~*~*~ (stealth).
 29610 | Orc:2    | 29610 ||| Stepping ~*~*~tactically~*~*~ (hiding).
 29879 | Orc:2    | 29879 ||| INVOKING Trog's Hand.
 29880 | Orc:2    | 29880 ||| INVOKING Berserk.
 30127 | Orc:2    | 30127 ||| Stepping ~*~*~tactically~*~*~ (hiding).
 30130 | Orc:2    | 30130 ||| INVOKING Berserk.
 30154 | Orc:2    | 30154 ||| Stepping ~*~*~tactically~*~*~ (stealth).
 30163 | Orc:2    | 30163 ||| Stepping ~*~*~tactically~*~*~ (stealth).
 30202 | Orc:2    | 30202 ||| INVOKING Berserk.
 30211 | Orc:2    | 30211 ||| INVOKING Trog's Hand.
 30222 | Orc:2    | HP: 17/125 [orc sorcerer/bolt of negative energy (34)]
 30223 | Orc:2    | 30223 ||| READING 7 scrolls of teleportation.
 30223 | Orc:2    | Slain by a sixfirhy

Levels and vault maps discovered:
D:1:      evilmike_arrival_rings, layout_basic, chequers_ecumenical_altar_lobes
D:2:      layout_basic
D:3:      layout_rooms, gup_sewer_entry_glass, kennysheep_minor_cross,
          feat_on_display
D:4:      layout_rooms, hangedman_decor_push, hangedman_decor_peaks_small,
          uniq_edmund
D:5:      layout_basic, enter_ossuary_5, ebering_ghost_inner_flame
D:6:      layout_basic, minmay_temple_entry_glass
D:7:      layout_basic, nicolae_hepliaklqana_hippocampus, minmay_lizard_king
D:8:      layout_basic, mainiacjoe_overflow_paths, uniq_grum
D:9:      layout_long_grid, uniq_harold, uniq_erica
D:10:     layout_loops_ring, lair_entry_dummy, orc_0_dummy,
          chequers_serial_rivers_micro_d, uniq_fannar
D:11:     layout_cave_pods, minmay_the_grid_2x2 [minmay_the_grid_fan,
          minmay_the_grid_garden, minmay_the_grid_dragon_a,
          minmay_the_grid_prize_inner_circle]
D:12:     cheibrodos_frozen_isle, layout_irregular_city,
          portal_ice_cave_entry_pillars_1, serial_shops,
          nicolae_shop_hallway_stairs, minmay_misc_feat_nine_boxes,
          nicolae_gozag_seed_capital
D:13:     layout_basic, uniq_sonja, uniq_kirke, uniq_rupert
D:14:     layout_roguey, grunt_vaults_entry_fortified
D:15:     gammafunk_enter_depths_forms, layout_long_grid, bh_walls_and_bars,
          minmay_dual_archer_statues
Lair:1:   layout_small_grid, dreamdust_gnoll_shepherd
Lair:2:   layout_hall_layers, nicolae_volcano_entry_lava_flow,
          serial_bayou_pond_c, uniq_prince_ribbit2
Lair:3:   layout_roguey, elwin_shoals_entry_rooms,
          minmay_snake_entry_guardpost_small, minmay_lair_oklob_bushes,
          minmay_holes, st_stairs_7, infiniplex_staircase_pool
Lair:4:   layout_big_grid, hibernation_bobbens, grunt_megastairs_5
Lair:5:   cheibrodos_lair_end_hotspot, layout_regular_city,
          dpeg_slime_entry_corner
Orc:1:    layout_caves, mines2_lemuel
Orc:2:    grunt_orc_tribal_feast, layout_caves

Skill      XL: |  1  2  3  4  5  6  7  8  9 10 11 12 13 14 15 |
---------------+----------------------------------------------+-----
Axes           | 4 5 6 7 8 10 12 13 15 16 18 | 18.0
Throwing       | 1 2 3 4 5 |  5.2
Armour         | 4 5 7 8 9 12 13 15 | 15.9
Fighting       | 4 5 6 8 9 11 13 15 | 15.0
Dodging        | 4 6 7 |  7.0
Shields        | 10 11 13 15 18 | 18.0

Action                   |  1- 3 |  4- 6 |  7- 9 | 10-12 | 13-15 || total
-------------------------+-------+-------+-------+-------+-------++-------
Melee: Hand axe          |    47 |       |       |       |       ||    47
       Headbutt          |     9 |     9 |    41 |    54 |   211 ||   324
       War axe           |    21 |   128 |   186 |       |       ||   335
       Punch             |       |     2 |     3 |       |       ||     5
       Kick              |       |     6 |    69 |    87 |   323 ||   485
       Broad axe         |       |       |    24 |   341 |   910 ||  1275
       Mace              |       |       |       |     3 |    51 ||    54
Throw: Javelin           |    11 |    72 |    59 |    65 |     1 ||   208
       Boomerang         |       |       |       |       |   135 ||   135
Invok: Berserk           |       |     2 |     5 |    18 |    34 ||    59
       Brothers in Arms  |       |       |     1 |     3 |     7 ||    11
       Trog's Hand       |       |       |       |       |    12 ||    12
  Use: Scroll            |     3 |    10 |     7 |     9 |    11 ||    40
       Potion            |     1 |     3 |     5 |     6 |     2 ||    17
 Stab: Distracted        |       |       |       |       |     1 ||     1
Armor: Animal skin       |     7 |       |       |       |       ||     7
       Scale mail        |     9 |     8 |       |       |       ||    17
       Plate armour      |       |    46 |   108 |   125 |   186 ||   465
       Crystal plate arm |       |       |       |       |   314 ||   314
Dodge: Dodged            |    38 |    48 |    47 |    74 |   258 ||   465
Block: Kite shield       |       |       |       |    76 |   208 ||   284
       Tower shield      |       |       |       |       |   804 ||   804
       Reflection        |       |       |       |       |     9 ||     9

Table legend:
 A = Non-vault XP
 B = Vault XP
 C = Vault XP percentage of total XP
 D = Non-vault monster count
 E = Vault monster count
 F = Vault count percentage of total count
                 A         B        C        D         E       F
            +---------+---------+-------+---------+---------+-------
      Total |  105744 |   42673 |  28.8 |     479 |     194 |  28.8
            +---------+---------+-------+---------+---------+-------
        D:1 |      42 |       0 |   0.0 |      21 |       0 |   0.0
        D:2 |      78 |       0 |   0.0 |      20 |       0 |   0.0
        D:3 |      40 |       8 |  16.7 |      15 |       4 |  21.1
        D:4 |     150 |     162 |  51.9 |      12 |       1 |   7.7
        D:5 |     716 |       0 |   0.0 |      17 |       0 |   0.0
        D:6 |     589 |       0 |   0.0 |      10 |       0 |   0.0
        D:7 |     976 |     501 |  33.9 |      16 |       9 |  36.0
        D:8 |    1724 |     652 |  27.4 |      15 |       5 |  25.0
        D:9 |    3483 |    1670 |  32.4 |      35 |       2 |   5.4
       D:10 |    3632 |     855 |  19.1 |      12 |       1 |   7.7
       D:11 |    4364 |    5358 |  55.1 |      16 |       9 |  36.0
       D:12 |    6477 |    3847 |  37.3 |      18 |       8 |  30.8
       D:13 |    6999 |     782 |  10.1 |      14 |       1 |   6.7
       D:14 |   12377 |    6350 |  33.9 |      21 |      10 |  32.3
       D:15 |    8159 |    5215 |  39.0 |      14 |       9 |  39.1
     Lair:1 |    2490 |     243 |   8.9 |      12 |       2 |  14.3
     Lair:2 |    4037 |     768 |  16.0 |      17 |       3 |  15.0
     Lair:3 |    9987 |    2222 |  18.2 |      43 |       7 |  14.0
     Lair:4 |    6440 |     998 |  13.4 |      22 |       2 |   8.3
     Lair:5 |   14854 |    7980 |  34.9 |      40 |      27 |  40.3
      Orc:1 |    2451 |       0 |   0.0 |      22 |       0 |   0.0
      Orc:2 |    2596 |    3622 |  58.3 |      32 |      22 |  40.7
    Abyss:1 |   13083 |       0 |   0.0 |      35 |       0 |   0.0
      Sewer |       0 |     207 | 100.0 |       0 |      41 | 100.0
    Ossuary |       0 |    1233 | 100.0 |       0 |      31 | 100.0
            +---------+---------+-------+---------+---------+-------
